 Dungeon Crawl Stone Soup version 0.29.1-15-g9cfb28693d (webtiles) character file.

Game seed: 2293104952062379645

4235 Ihaveafatcat the Fighter (level 10, -3/89 (91) HPs)
             Began as a Minotaur Fighter on Mar 29, 2023.
             Was a Believer of Trog.
             Slain by a wight
             ... wielding a +0 flail
              (5 damage)
             ... while paralysed by Joseph
             ... on level 8 of the Dungeon.
             The game lasted 00:24:45 (10996 turns).

Ihaveafatcat the Fighter (Minotaur Fighter)        Turns: 10996, Time: 00:24:46

HP:   -3/89 (91)    AC: 15    Str: 27    XL:     10   Next: 9%
MP:   18/18         EV:  2    Int:  6    God:    Trog [**....]
Gold: 377           SH:  0    Dex: 17    Spells: 9/9 levels left

rFire   + . .      SeeInvis .   l - +6 battleaxe of Thoughtfulness {freeze, rPois MP+9 Int+4}
rCold   . . .      Faith    +   (shield currently unavailable)
rNeg    . . .      Spirit   .   x - +1 plate armour
rPois   +          Reflect  .   (helmet restricted)
rElec   .          Harm     .   (no cloak)
rCorr   .          Rampage  .   (no gloves)
Will    .....                   (no boots)
Stlth   ..........              o - amulet of faith
HPRegen 0.24/turn               r - ring of fire
MPRegen 0.16/turn               v - ring of protection from cold

@: paralysed, marked, lightly drained
A: horns 2, retaliatory headbutt, agile 2, strong 1, subdued magic 1
a: Renounce Religion, Berserk, Trog's Hand


You were on level 8 of the Dungeon.
You worshipped Trog.
Trog was pleased with you.
You visited 2 branches of the dungeon, and saw 9 of its levels.

You collected 475 gold pieces.
You spent 98 gold pieces at shops.

Inventory:

Hand Weapons
 a - a +2 war axe
 l - the +6 battleaxe of Thoughtfulness (weapon) {freeze, rPois MP+9 Int+4}
   (You found it on level 2 of the Dungeon)

   It freezes those it strikes, dealing additional cold damage.
   It can also slow down cold-blooded creatures.
   Int:       It affects your intelligence (+4).
   rPois:     It protects you from poison.
   MP:        It affects your magic capacity (+9).
Armour
 c - a +0 buckler
 x - a +1 plate armour (worn)
Jewellery
 f - a ring of willpower
 o - an amulet of faith (around neck)
 r - a ring of fire (left hand)
 v - a ring of protection from cold (right hand)
 w - a ring of fire
Wands
 e - a wand of paralysis (9)
 q - a wand of roots (20)
 t - a wand of flame (11)
 z - a wand of mindburst (14)
Scrolls
 b - 2 scrolls of identify
 d - a scroll of teleportation
 h - 2 scrolls of butterflies
 j - a scroll of vulnerability {unknown}
 k - 2 scrolls of amnesia
 m - a scroll of poison
 n - a scroll of silence
 p - a scroll of magic mapping
 u - a scroll of enchant weapon
 y - a scroll of blinking {unknown}
Potions
 g - 3 potions of attraction
 i - a potion of resistance {unknown}
 s - 2 potions of lignification
 A - a potion of might


   Skills:
 + Level 9.5 Fighting
 + Level 9.2 Axes
 + Level 9.5 Armour
 + Level 9.5 Shields


You had 9 spell levels left.
You didn't know any spells.
Your spell library contained the following spells:

 Spells                   Type           Power      Damage    Failure   Level
 Magic Dart               Conj           0%         1d3       99%         1
 Call Imp                 Summ           0%         N/A       99%         2
 Mephitic Cloud           Conj/Pois/Air  0%         N/A       100%        3
 Cause Fear               Hex            0%         N/A       100%        4
 Dragon Form              Tmut           0%         N/A       100%        7
 Dragon's Call            Summ           0%         N/A       100%        9


Dungeon Overview and Level Annotations

Branches:
Dungeon (8/15)             Temple (1/1) D:5
   Lair: D:8-11

Altars:
Ashenzari
Cheibriados
Dithmenos
Hepliaklqana
Kikubaaqudgha
Makhleb
Nemelex Xobeh
Okawaru
Qazlal
Ru
Sif Muna
Trog
Wu Jian
Xom
Yredelemnul
Zin
The Shining One

Shops:
D:3 ?((([

Annotations:
D:8 3 runed translucent doors, 12sPaWn12's ghost, novice DrSu; Gastronok; Joseph


Innate Abilities, Weirdness & Mutations

You have a pair of horns on your head.
You reflexively headbutt those who attack you in melee.
You are very agile. (Dex +8, Str/Int -2)
Your muscles are strong. (Str +4, Int/Dex -1)
Your spells are a little easier to cast, but a little less powerful.


Message History

A wight comes into view. It is wielding a +7 dire flail.
You hit Joseph. You freeze Joseph. You headbutt Joseph, but do no damage.
Joseph is lightly wounded.
Joseph hits you but does no damage. Joseph hits you with a +0 quarterstaff!
You slash Joseph! You freeze Joseph. You headbutt Joseph!
Joseph is moderately wounded.
Joseph hits you but does no damage. The wight hits you but does no damage.
Joseph hits you with a +0 quarterstaff. The wight hits you with a +0 flail.
You feel drained. The wight closely misses you.
You slash Joseph! You freeze Joseph.
Joseph is heavily wounded.
You closely miss the wight. Joseph completely misses you.
You furiously retaliate!
You headbutt Joseph, but do no damage. Joseph hits you with a +0 quarterstaff.
The wight hits you but does no damage. The wight closely misses you.
You furiously retaliate!
You headbutt the wight! You barely miss Joseph.
Joseph is heavily wounded.
You slash the wight!
Joseph zaps a wand.
You suddenly lose the ability to move!
The now-empty wand crumbles to dust.
The wight completely misses you.
The wight hits you from afar with a +0 trident.
An orc comes into view. It is wielding a +0 short sword.
An orc priest comes into view.
It is wielding the +10 lajatang "Judashup" {speed, rF+ Str+4 Dex-3} and wearing a +0 ring mail of poison resistance.
Joseph hits you but does no damage. Joseph hits you with a +0 quarterstaff!
* * * LOW HITPOINT WARNING * * *
The wight hits you with a +0 flail.
* * * LOW HITPOINT WARNING * * *
The wight hits you but does no damage. Joseph hits you with a +0 quarterstaff.
* * * LOW HITPOINT WARNING * * *
The wight hits you but does no damage. The wight completely misses you.
Joseph hits you with a +0 quarterstaff!
* * * LOW HITPOINT WARNING * * *
Joseph hits you with a +0 quarterstaff.
* * * LOW HITPOINT WARNING * * *
The wight hits you with a +0 flail.
* * * LOW HITPOINT WARNING * * *
The wight hits you but does no damage. Joseph hits you but does no damage.
The wight hits you with a +0 flail.
You die...

...?...........
.....≈≈≈≈§≈≈≈≈.. #....
....#.≈..))§§.≈.. .....
...##.≈.§.≈≈§.§)# .....
...##.≈§§...§.... ..o.#
#..##.≈§≈._.≈.≈.. # #wz.
#..#..≈§≈...≈.≈..
##.#.#z##.....≈§≈≈≈≈§.≈.#
#.....z@@.....≈.......≈.#
....o..z......≈≈≈≈≈≈≈≈≈..
.........................
...#######....##.##......
.. .#.#W####............
....W#............#..
8?...+....#......##..
."...+...##......###.
8)...+....##.....##..


You could see Gastronok, Joseph (fast), 4 wights, an orc priest and an orc.

Vanquished Creatures
  Grinder (D:5)
  Eustachio (D:5)
  4 yaks (D:8)
  Edmund (D:4)
  An orc warrior (D:6)
  3 ice beasts
  2 sky beasts (D:6)
  3 ogres
  3 centaurs
  4 bullfrogs
  A necrophage (D:5)
  A scorpion (D:5)
  13 wights
  8 killer bees
  3 hounds
  A jelly (D:7)
  2 gnoll boudas
  2 orc priests
  Terence (D:3)
  3 iguanas
  4 orc wizards
  8 adders
  13 gnolls
  A white imp (D:8)
  An ufetubus (D:5)
  A worm (D:2)
  4 dart slugs
  33 orcs
  9 ball pythons
  3 endoplasms
  3 giant cockroaches
  11 goblins
  7 hobgoblins
  8 kobolds
  4 quokkas
  4 bats
  2 frilled lizards
  A rat (D:2)
175 creatures vanquished.

Vanquished Creatures (others)
  A bush (D:6)
1 creature vanquished.

Grand Total: 176 creatures vanquished

Notes
Turn   | Place    | Note
-------+----------+-------------------------------------------
     0 | D:1      | Ihaveafatcat the Minotaur Fighter began the quest for the
                  | Orb.
     0 | D:1      | Reached XP level 1. HP: 19/19 MP: 0/0
   226 | D:1      | Found a faded altar of an unknown god.
   250 | D:1      | Reached XP level 2. HP: 25/27 MP: 1/1
   867 | D:2      | Found a burning altar of Makhleb.
  1062 | D:2      | Reached XP level 3. HP: 23/33 MP: 2/2
  1423 | D:2      | Identified the +6 battleaxe of Thoughtfulness {freeze,
                  | rPois MP+9 Int+4}
  1711 | D:3      | Reached XP level 4. HP: 38/40 MP: 3/3
  1846 | D:3      | Found Tybaomp's Magic Scroll Shoppe.
  1854 | D:3      | Bought a scroll of identify for 28 gold pieces
  1854 | D:3      | Bought a scroll of teleportation for 42 gold pieces
  1854 | D:3      | Bought a scroll of identify for 28 gold pieces
  1860 | D:3      | Noticed Terence
  1864 | D:3      | Killed Terence
  1910 | D:3      | Found Pemiciz's Weapon Shoppe.
  1974 | D:3      | Found Keugeb's Armour Boutique.
  1984 | D:3      | Reached XP level 5. HP: 35/47 MP: 4/4
  2111 | D:3      | Noticed an ice beast
  2117 | D:3      | Killed an ice beast
  2118 | D:3      | Reached skill level 5 in Fighting
  2118 | D:3      | Reached skill level 5 in Armour
  2118 | D:3      | Reached skill level 5 in Shields
  2120 | D:3      | Reached XP level 6. HP: 32/56 MP: 5/5
  2279 | D:3      | Found Gawymufyocs's Weapon Shop.
  2308 | D:3      | Found Synaoker's Weapon Boutique.
  2589 | D:3      | Gained mutation: Your muscles are strong. (Str +4, Int/Dex
                  | -1) [potion of mutation]
  2589 | D:3      | Gained mutation: You are agile. (Dex +4, Str/Int -1)
                  | [potion of mutation]
  2589 | D:3      | Gained mutation: Your spells are a little easier to cast,
                  | but a little less powerful. [potion of mutation]
  2589 | D:3      | Gained mutation: You are very agile. (Dex +8, Str/Int -2)
                  | [potion of mutation]
  2616 | D:4      | Identified the +0 robe of the Unseen Realm {Slay+2}
  2643 | D:4      | Found a sacrificial altar of Ru.
  2696 | D:4      | Noticed Edmund
  2702 | D:4      | Killed Edmund
  2955 | D:4      | Reached skill level 5 in Axes
  2966 | D:4      | Reached XP level 7. HP: 62/62 MP: 6/6
  3300 | D:5      | Entered Level 5 of the Dungeon
  3335 | D:5      | Noticed Grinder
  3339 | D:5      | Paralysed by Grinder for 2 turns
  3342 | D:5      | Killed Grinder
  3413 | D:5      | Found an iron altar of Okawaru.
  3503 | D:5      | Found a broken altar of Ashenzari.
  3535 | D:5      | Found a staircase to the Ecumenical Temple.
  3557 | Temple   | Entered the Ecumenical Temple
  3789 | Temple   | Became a worshipper of Trog the Wrathful
  4066 | D:5      | Reached XP level 8. HP: 64/71 MP: 7/7
  4113 | D:5      | Noticed Eustachio
  4132 | D:5      | Killed Eustachio
  5934 | D:6      | Reached XP level 9. HP: 36/81 MP: 8/8
  7735 | D:7      | Reached * piety under Trog
  9046 | D:7      | Found an ornate altar of the Wu Jian Council.
  9047 | D:7      | Found a sparkling altar of Nemelex Xobeh.
  9048 | D:7      | Found a hazy altar of Hepliaklqana.
  9061 | D:7      | Found a basalt altar of Yredelemnul.
 10367 | D:8      | Reached XP level 10. HP: 91/91 MP: 9/9
 10375 | D:8      | Found a glowing golden altar of the Shining One.
 10404 | D:8      | Reached ** piety under Trog
 10406 | D:8      | HP: 4/91 [gnoll/+2 whip of electrocution[a gnoll bouda]
                  | (5)]
 10926 | D:8      | Found a runed translucent gate.
 10926 | D:8      | Found a runed translucent gate.
 10926 | D:8      | Found a runed translucent gate.
 10967 | D:8      | Noticed 12sPaWn12's ghost (novice DrSu)
 10976 | D:8      | Noticed Joseph
 10976 | D:8      | Paralysed by Joseph for 2 turns
 10981 | D:8      | Paralysed by Joseph for 5 turns
 10987 | D:8      | Noticed Gastronok
 10992 | D:8      | Paralysed by Joseph for 5 turns
 10992 | D:8      | Identified the +10 lajatang "Judashup" {speed, rF+ Str+4
                  | Dex-3}
 10995 | D:8      | HP: 4/89 [Joseph/+0 quarterstaff (5)]
 10995 | D:8      | HP: 1/89 [wight/+0 flail (3)]
 10996 | D:8      | Slain by a wight

Illustrated notes

Levels and vault maps discovered:
D:1:      minmay_arrival_doors, layout_basic, basic_ecumenical_altar
D:2:      layout_loops_cross, basic_altar, minmay_split_cup_large
D:3:      layout_loops_ring, serial_shops, shop_coins,
          nicolae_shop_temple_entry_statues_fountains, nicolae_diamond_shop,
          nicolae_shop_bloodbath_and_beyond, shop, uniq_terence
D:4:      layout_basic, lemuel_round_altar, kennysheep_generic_room_5,
          uniq_edmund
D:5:      layout_basic, nicolae_ashenzari_panopticon,
          nicolae_overflow_hidden_temple, minmay_temple_entry_sparse_star,
          uniq_eustachio, uniq_grinder
D:6:      layout_basic, kb_lookout_dungeons_type
D:7:      layout_loops_ring, minitemple, enter_bailey_5, sigmund_army
D:8:      layout_cave_pools, mainiacjoe_overflow_concentric_impassable,
          erik_lair_dragon, gammafunk_ghost_spectres, uniq_joseph,
          uniq_gastronok
Temple:   grunt_temple_mini_profane

Skill      XL: |  1  2  3  4  5  6  7  8  9 |
---------------+----------------------------+-----
Shields        | 4 5 6 7 9 |  9.5
Fighting       | 4 5 6 8 9 |  9.5
Armour         | 4 5 6 7 9 |  9.5
Axes           | 3 4 5 6 7 9 |  9.2

Action                   |  1- 3 |  4- 6 |  7- 9 | 10-12 || total
-------------------------+-------+-------+-------+-------++-------
Melee: War axe           |    46 |       |       |       ||    46
       Headbutt          |     4 |     6 |    22 |     6 ||    38
       Battleaxe         |    12 |    59 |   151 |    18 ||   240
  Use: Scroll            |       |     2 |    15 |       ||    17
       Potion            |       |     2 |     3 |       ||     5
Armor: Scale mail        |    41 |    28 |    34 |       ||   103
       Plate armour      |       |       |    92 |    32 ||   124
Dodge: Dodged            |    34 |    36 |    88 |    16 ||   174
Block: Buckler           |    13 |       |       |       ||    13
